 Dungeon Crawl Stone Soup version 0.27.0-1-g7a089689b8 (webtiles) character file.

Game seed: 5187289082150405168

33 riscky the Chopper (level 3, -1/33 HPs)
             Began as a Hill Orc Berserker on Aug 18, 2021.
             Was a Believer of Trog.
             Succumbed to an adder's poison
             ... on level 2 of the Dungeon.
             The game lasted 00:08:11 (1176 turns).

riscky the Chopper (Hill Orc Berserker)             Turns: 1176, Time: 00:08:11

Health: -1/33      AC:  4    Str: 20    XL:     3   Next: 29%
Magic:  3/3        EV: 11    Int:  7    God:    Trog [**....]
Gold:   59         SH:  0    Dex: 10    Spells: 2/2 levels left

rFire    . . .     SeeInvis .   a - +0 hand axe
rCold    . . .     Faith    .   (no shield)
rNeg     . . .     Spirit   .   e - +0 leather armour
rPois    .         Reflect  .   (no helmet)
rElec    .         Harm     .   (no cloak)
rCorr    .         Rampage  .   p - +0 pair of gloves
Will     .....                  (no boots)
Stlth    +.........             (no amulet)
HPRegen  0.11/turn              (no ring)
MPRegen  0.08/turn              (no ring)

@: lethally poisoned (-1 -> -11)
A: no striking features
a: Renounce Religion, Berserk, Trog's Hand


You were on level 2 of the Dungeon.
You worshipped Trog.
Trog was pleased with you.
You visited 1 branch of the dungeon, and saw 2 of its levels.

You collected 59 gold pieces.

Inventory:

Hand Weapons
 a - a +0 hand axe (weapon)
 c - a +0 dagger
 h - a +0 club
 i - a +0 dagger
 k - a +0 vampiric dagger
 l - a +0 short sword
 m - a +0 dagger
 n - a +0 whip
 o - a +0 dagger
Missiles
 d - 22 stones (quivered)
 f - 4 boomerangs
Armour
 b - a +0 animal skin
 e - a +0 leather armour (worn)
 j - a +0 leather armour
 p - a +0 pair of gloves (worn)
Scrolls
 g - a scroll of fear {unknown}
Potions
 q - a potion of brilliance {unknown}


   Skills:
 + Level 4.1 Fighting
 + Level 4.9 Axes
 + Level 2.2 Armour
 + Level 1.9 Dodging
 + Level 0.1 Stealth


You had 2 spell levels left.
You didn't know any spells.
Your spell library contained the following spells:

 Spells                   Type           Power      Damage    Failure   Level
 Dazzling Flash           Conj/Hex       0%         N/A       85%         3
 Iskenderun's Mystic Bla  Conj/Tloc      0%         2d3       99%         4
 Starburst                Conj/Fire      0%         8x6d3     100%        6


Dungeon Overview and Level Annotations

Branches:
Dungeon (2/15)

Altars:


Message History

You hit the endoplasm but do no damage.
You feel sick.
You are no longer poisoned.
The adder bites you.
The endoplasm hits you but does no damage.
You slash the adder!
The adder is almost dead.
You hit the endoplasm.
You kill the endoplasm!
Trog accepts your kill. The adder barely misses you. The adder bites you.
You are poisoned.
The adder poisons you!
You drop a dark potion.
You feel sick. The adder bites you.
* * * LOW HITPOINT WARNING * * *
You are more poisoned.
The adder poisons you!
(D) Dungeon
Where to? (Enter - D:1, ? - help)
What level of the Dungeon? (default 1, ? - help)
An adder is nearby!
(D) Dungeon
Where to? (Enter - D:1, ? - help)
What level of the Dungeon? (default 1, ? - help)
An adder is nearby!
You are too injured to fight recklessly!
You miss the adder.
The adder is almost dead.
* * * LOW HITPOINT WARNING * * *
You feel sick. The adder closely misses you. The adder barely misses you.
* * * LOW HITPOINT WARNING * * *
You feel sick. The adder bites you.
* * * LOW HITPOINT WARNING * * *
* * * LOW HITPOINT WARNING * * *
You feel sick.
* * * LOW HITPOINT WARNING * * *
You feel sick. The adder bites you.
* * * LOW HITPOINT WARNING * * *
You are more poisoned.
The adder poisons you! The adder bites you but does no damage.
You die...

... #.......#.##........
....###.................
............####........
....................####
..........#.####†...†...
..##...#.##............. .
##.###.#######.##....<
#....#.#######.##.....
+....@.........##.....
#..S.##........#....##
##....#........#......
######....#........#......
..........................
..........................
....................##....
......?............. ###..
......#####....##... #..


You could see an adder.

Vanquished Creatures
  A dart slug (D:1)
  2 ball pythons (D:1)
  2 bats
  6 endoplasms
  A giant cockroach (D:1)
  2 hobgoblins
  2 quokkas
  2 frilled lizards (D:1)
  2 goblins (D:1)
  6 kobolds (D:1)
  3 rats
29 creatures vanquished.

Notes
Turn   | Place    | Note
-------+----------+-------------------------------------------
     0 | D:1      | riscky the Hill Orc Berserker began the quest for the Orb.
     0 | D:1      | Reached XP level 1. HP: 19/19 MP: 1/1
   181 | D:1      | Reached XP level 2. HP: 5/27 MP: 2/2
   939 | D:1      | Reached XP level 3. HP: 22/33 MP: 3/3
  1026 | D:2      | Reached ** piety under Trog
  1175 | D:2      | HP: 1/33 [adder (1)]
  1176 | D:2      | Succumbed to an adder's poison

Illustrated notes

Levels and vault maps discovered:
D:1:      scummos_arrival_forest, layout_loops_cross
D:2:      layout_basic, hellmonk_ecumenical_altar_crossroads

Skill      XL: |  1  2 |
---------------+-------+-----
Fighting       | 4 |  4.1
Axes           | |  4.9
Armour         | |  2.2
Dodging        | |  1.9
Stealth        | |  0.1

Action                   || total
-------------------------++-------
Melee: Hand axe          ||    78
Armor: Animal skin       ||    31
       Leather armour    ||     5
Dodge: Dodged            ||    72
